 Dungeon Crawl Stone Soup version 0.30-a0-603-g51a0fb1b98 (webtiles) character file.

Game seed: 11252565760629741353

569 Crownlay the Digger (level 7, -4/38 HPs)
             Began as a Gargoyle Earth Elementalist on Jan 7, 2023.
             Was an Initiate of Vehumet.
             Shot with an arrow by a centaur (10 damage)
             ... on level 5 of the Dungeon.
             The game lasted 00:08:19 (4318 turns).

Crownlay the Digger (Gargoyle Earth Elementalist)   Turns: 4318, Time: 00:08:20

Health: -4/38      AC:  7    Str: 11    XL:     7   Next: 33%
Magic:  11/15      EV: 11    Int: 18    God:    Vehumet [......]
Gold:   199        SH:  0    Dex: 10    Spells: 9/17 levels left

rFire   . . .      SeeInvis .    f - +0 spear
rCold   . . .      Faith    .    (no shield)
rNeg    + . .      Spirit   .    a - +0 robe
rPois   ∞          Reflect  .    (no helmet)
rElec   +          Harm     .    (no cloak)
rCorr   .          Rampage  .    p - +0 pair of gloves
Will    .....                    (no boots)
Stlth   ++                       k - amulet of regeneration
HPRegen 1.06/turn                h - ring of flight
MPRegen 0.14/turn                i - ring of wizardry

@: flying
A: sickness immunity, AC +4, negative energy resistance 1, electricity
resistance, torment resistance 1, petrification resistance
a: Renounce Religion


You were on level 5 of the Dungeon.
You worshipped Vehumet.
Vehumet was noncommittal.
You visited 2 branches of the dungeon, and saw 6 of its levels.

You collected 199 gold pieces.

Inventory:

Hand Weapons
 f - a +0 spear (weapon)
Armour
 a - a +0 robe (worn)
 p - a +0 pair of gloves (worn)
Jewellery
 h - a ring of flight (left hand)
 i - a ring of wizardry (right hand)
 k - an amulet of regeneration (around neck)
Wands
 v - a wand of flame (13)
 x - a wand of digging (4)
Scrolls
 c - 2 scrolls of amnesia
 d - a scroll of butterflies
 g - 3 scrolls of enchant weapon
 m - 4 scrolls of teleportation
 n - a scroll of noise {unknown}
 r - a scroll of fear {unknown}
 s - 2 scrolls of blinking
Potions
 b - 3 potions of magic
 e - 4 potions of curing
 j - a potion of might {unknown}
 l - a potion of degeneration {unknown}
 o - 2 potions of lignification {unknown}
 q - 2 potions of berserk rage {unknown}
 t - 2 potions of resistance {unknown}
 u - a potion of heal wounds {unknown}
 w - a potion of mutation {unknown}


   Skills:
 + Level 1.0 Fighting
 - Level 1.5 Dodging
 - Level 2.1 Stealth
 * Level 5.5 Spellcasting
 + Level 2.2 Transmutations
 + Level 6.0 Earth Magic


You had 9 spell levels left.
You knew the following spells:

 Your Spells              Type           Power      Damage    Failure   Level
a - Sandblast             Erth           52%        2d12      1%          1
b - Stone Arrow           Conj/Erth      30%        3d8       4%          3
c - Petrify               Tmut/Erth      19%        N/A       9%          4

Your spell library contained the following spells:

 Spells                   Type           Power      Damage    Failure   Level
 Passwall                 Tmut/Erth      15%        N/A       1%          2
 Magic Dart               Conj           16%        1d3       5%          1
 Call Imp                 Summ           4%         N/A       8%          2
 Mephitic Cloud           Conj/Pois/Air  4%         N/A       16%         3
 Vhi's Electric Charge    Tloc/Air       8%         N/A       16%         3
 Arcjolt                  Conj/Air       2%         1d12      77%         5
 Borgnjor's Revivificati  Necr           2%         N/A       100%        8
 Maxwell's Capacitive Co  Air            2%         ∞         100%        8
 Necromutation            Tmut/Necr      4%         N/A       100%        8
 Death's Door             Necr           2%         N/A       100%        9


Dungeon Overview and Level Annotations

Branches:
Dungeon (5/15)             Temple (1/1) D:4

Altars:
Ashenzari
Elyvilon
Fedhas
Hepliaklqana
Kikubaaqudgha
Nemelex Xobeh
Ru
Trog
Vehumet
Wu Jian
Xom
Yredelemnul
Zin

Annotations:
D:5 1 runed translucent door, Crazy Yiuf


Innate Abilities, Weirdness & Mutations

You are immune to sickness and miasma.
Your stone body is resilient. (AC +4)
You are immune to poison.
You resist negative energy. (rN+)
You are resistant to electric shocks. (rElec)
You are resistant to unholy torment.
You are immune to petrification.


Message History

The orc shouts!
The centaur shouts!
The centaur wields a +0 shortbow.
The centaur shoots an arrow.
The arrow completely misses you.
The blast of sand hits the orc!
You kill the orc!
Vehumet accepts your kill.
The orc shouts!
The orc wizard shouts!
The centaur shoots an arrow.
The arrow hits you!
The centaur shoots an arrow.
The arrow hits you.
The blast of sand hits the orc!
You kill the orc!
Vehumet accepts your kill.
The centaur shoots an arrow.
The arrow hits you.
The centaur shoots an arrow.
The arrow hits you.
You are too injured to fight recklessly!
You are too injured to fight recklessly!
You are too injured to fight recklessly!
You are too injured to fight recklessly!
Casting: Sandblast (safe; 1% risk of failure)
Confirm with . or Enter, or press ? or * to list all spells.
Aiming: Sandblast (safe; 1% risk of failure)
Press: ? - help, Shift-Dir - straight line, f - orc
Aim: an orc, wielding a +0 mace and wearing a +0 leather armour (83% to hit)
The blast of sand hits the orc!
You kill the orc!
Vehumet accepts your kill.
The centaur shoots an arrow.
The arrow hits you.
The centaur shoots an arrow.
The arrow hits you!
* * * LOW HITPOINT WARNING * * *
The orc wizard hits you with a +0 dagger.
* * * LOW HITPOINT WARNING * * *
Casting: Sandblast (safe; 1% risk of failure)
Confirm with . or Enter, or press ? or * to list all spells.
Aiming: Sandblast (safe; 1% risk of failure)
Press: ? - help, Shift-Dir - straight line, f - orc wizard
Aim: an orc wizard, wielding a +0 dagger and wearing a +0 robe of willpower (79% to hit)
The blast of sand hits the orc wizard!
The orc wizard is severely wounded.
The centaur shoots an arrow.
The arrow hits you!
You die...

#.# #.##.##.####
##########.#
#..........####
#......†...#
####..####.##..
##.###############
#...####.##.# ...# #..
....## #............
#### # ..
....###.>......##.#
#..#.##..##..#..#.[.##.#
..)......##.............
#..o@......#.##.##.##
.........##..(.###.##.##
........#####.## #..####
..#.#..## ###.#######
....c.? #.....# ###.###
#.....######♣♣ #.
#..........#.♣ #
#.....##......
#.....###.....


You could see a centaur and an orc wizard.

Vanquished Creatures
  A water moccasin (D:5)
  A black bear (D:4)
  A jelly (D:5)
  3 hounds
  4 iguanas
  4 adders
  A white imp (D:5)
  An ufetubus (D:4)
  A worm (D:2)
  4 dart slugs
  10 orcs
  8 endoplasms
  3 giant cockroaches
  7 goblins
  6 hobgoblins
  6 jackals
  4 quokkas
  6 ball pythons
  2 bats
  7 frilled lizards
  3 kobolds
  5 rats
88 creatures vanquished.

Notes
Turn   | Place    | Note
-------+----------+-------------------------------------------
     0 | D:1      | Crownlay the Gargoyle Earth Elementalist began the quest
                  | for the Orb.
     0 | D:1      | Reached XP level 1. HP: 10/10 MP: 3/3
     1 | D:1      | Noticed an electric eel
   354 | D:1      | Reached XP level 2. HP: 9/15 MP: 0/5
   789 | D:2      | Reached skill level 4 in Earth Magic
   799 | D:2      | Reached XP level 3. HP: 19/19 MP: 2/7
  1643 | D:2      | Learned a level 3 spell: Stone Arrow
  1818 | D:3      | Found a sparkling altar of Nemelex Xobeh.
  1950 | D:3      | Found a faded altar of an unknown god.
  2116 | D:3      | Reached XP level 4. HP: 24/24 MP: 7/9
  2163 | D:3      | Found a bloodstained altar of Trog.
  2895 | D:4      | Reached XP level 5. HP: 28/28 MP: 4/11
  2968 | D:4      | Learned a level 4 spell: Petrify
  3008 | D:4      | Noticed a black bear
  3047 | D:4      | Reached skill level 5 in Earth Magic
  3104 | D:4      | Reached skill level 1 in Transmutations
  3157 | D:4      | Found a staircase to the Ecumenical Temple.
  3171 | D:4      | Killed a black bear
  3172 | D:4      | Reached XP level 6. HP: 20/32 MP: 6/12
  3176 | Temple   | Entered the Ecumenical Temple
  3321 | Temple   | Became a worshipper of Vehumet
  3705 | D:5      | Entered Level 5 of the Dungeon
  3826 | D:5      | Noticed a water moccasin
  3828 | D:5      | Killed a water moccasin
  3829 | D:5      | Reached skill level 5 in Spellcasting
  3829 | D:5      | Reached XP level 7. HP: 36/36 MP: 11/14
  4111 | D:5      | Reached skill level 6 in Earth Magic
  4201 | D:5      | Reached skill level 1 in Fighting
  4289 | D:5      | Found a runed translucent door.
  4290 | D:5      | Noticed Crazy Yiuf
  4318 | D:5      | Shot with an arrow by a centaur

Illustrated notes

Levels and vault maps discovered:
D:1:      arrival_aquarium_a, layout_basic
D:2:      layout_basic, lemuel_flame_loot_1
D:3:      layout_basic, nemelex_xobeh_ov_fountains_minmay, trog_hazing_becter,
          shapermc_ecumenical_altar_mp_ritualfount, hex_tiny,
          nicolae_hexahallways
D:4:      minmay_clustersquares, layout_basic, minmay_temple_entry_butterflies
D:5:      layout_loops_cross, uniq_crazy_yiuf_cottage
Temple:   nicolae_temple_slightly_damp_pantheon

Skill      XL: |  1  2  3  4  5  6  7 |
---------------+----------------------+-----
Earth Magic    | 4 5 6 |  6.0
Spellcasting   | 3 4 5 |  5.5
Transmutations | 1 2 |  2.2
Fighting       | 1 |  1.0
Dodging        | |  1.5
Stealth        | |  2.1

Action                   |  1- 3 |  4- 6 |  7- 9 || total
-------------------------+-------+-------+-------++-------
Melee: Spear             |    10 |     5 |     1 ||    16
 Cast: Sandblast         |    49 |    59 |    19 ||   127
       Stone Arrow       |       |     1 |       ||     1
  Use: Scroll            |     3 |     3 |     1 ||     7
 Stab: Sleeping          |     2 |       |       ||     2
Armor: Robe              |     4 |    23 |     2 ||    29
Dodge: Dodged            |    10 |    30 |     4 ||    44

Table legend: (Time is in decaauts)
 A = Elapsed time spent in this place.
 B = Non-inter-level travel time spent in this place.
 C = Inter-level travel time spent in this place.
 D = Time resting spent in this place.
 E = Time spent auto-exploring this place.
 F = Levels seen in this place.
 G = Mean time per level.
                   A        B        C        D        E       F      G
               +--------+--------+--------+--------+--------+-----+--------+
         Total |   4380 |   4285 |     95 |      0 |   3705 |   6 |  730.0 |
       Dungeon |   4224 |   4138 |     86 |      0 |   3576 |   5 |  844.8 |
        Temple |    155 |    146 |      9 |      0 |    129 |   1 |  155.0 |
               +--------+--------+--------+--------+--------+-----+--------+

Top non-repeatable levels by time:
     D:3: 1120 daAuts
     D:2: 942 daAuts
     D:4: 791 daAuts
     D:1: 744 daAuts
     D:5: 625 daAuts
  Temple: 155 daAuts
